 Dungeon Sprint DCSS version 0.18-a0-46-g45ca8e4 (console) character file.

54 Kellhus the Thaumaturge (level 4, 24/24 HPs)
             Began as a Deep Elf Conjurer on Nov 6, 2015.
             Was a Priest of Vehumet.
             Quit the game in the Dungeon (Sprint VI: "Thunderdome").
             The game lasted 00:01:41 (364 turns).

Kellhus the Thaumaturge (Deep Elf Conjurer)          Turns: 364, Time: 00:01:41

Health: 24/24      AC:  2    Str:  5    XL:     4   Next: 79%
Magic:  10/17      EV: 13    Int: 21    God:    Vehumet [***...]
Gold:   280        SH:  0    Dex: 15    Spells: 2 memorised, 16 levels left

rFire  . . .     SeeInvis .     (no weapon)
rCold  . . .     Clarity  .     a - +0 robe
rNeg   . . .     SustAt   .     (no shield)
rPois  .         Gourm    .     (no helmet)
rElec  .         Spirit   .     (no cloak)
rCorr  .         Warding  .     (no gloves)
rMut   .         NoTele   +     (no boots)
MR     .....                    (no amulet)
Stlth  ++........               (no ring)
                                (no ring)

@: not resistant to hostile enchantments, unstealthy
A: no striking features
a: Renounce Religion


You were in the Dungeon.
You worshipped Vehumet.
Vehumet was most pleased with you.
You were not hungry.

You visited 1 branch You collected 280 gold pieces.

Inventory:

Armour
 a - a +0 robe (worn)
Wands
 k - a wand of cold (2)
 l - a wand of fire (5)
Scrolls
 i - 4 scrolls of blinking
 m - 3 scrolls of fog
Potions
 d - a potion of curing
 e - 4 potions of heal wounds
 f - 4 potions of haste
 g - 2 potions of magic
 h - a potion of berserk rage
 j - a potion of resistance
Books
 b - a book of Conjurations

   Spells                             Type                      Level
   a - Magic Dart                     Conjuration                  1
   b - Searing Ray                    Conjuration                  2
   c - Dazzling Spray                 Conjuration/Hexes            3
   d - Fulminant Prism                Conjuration/Hexes            4
   e - Iskenderun's Mystic Blast      Conjuration                  4
   f - Iskenderun's Battlesphere      Conjuration/Charms           5
Comestibles
 c - a bread ration


   Skills:
 - Level 2.4 Dodging
 - Level 2.4 Stealth
 + Level 9.2 Spellcasting
 + Level 8.7 Conjurations


You had 16 spell levels left.
You knew the following spells:

 Your Spells              Type           Power        Failure   Level  Hunger
a - Magic Dart            Conj           ####         1%          1    None
b - Iskenderun's Mystic   Conj           #####...     1%          4    ##.....


Dungeon Overview and Level Annotations

Branches:
Dungeon (1/1)

Altars:
Cheibriados
Dithmenos
Fedhas
Gozag
Kikubaaqudgha
Makhleb
Okawaru
Qazlal
Ru
Sif Muna
Trog
Vehumet
Xom
Yredelemnul
Zin
The Shining One
Jiyva
Lugonu

Shops:
D *[%??*?*:[((!!!!


Message History

You can move again.
Unknown command.
Casting: Magic Dart
Confirm with . or Enter, or press ? or * to list all spells.
Aiming: Magic Dart
Press: ? - help, Shift-Dir - straight line, f/p - giant eyeball
Aim: a giant eyeball (severely wounded)
The magic dart hits the giant eyeball.
You kill the giant eyeball!
Vehumet accepts your kill.
You feel your power returning.
Unknown command.
You start resting. 2 giant eyeballs come into view.
The giant eyeball turns its gaze towards you.
Casting: Magic Dart
Confirm with . or Enter, or press ? or * to list all spells.
You don't know that spell.
Unknown command.
Are you sure you want to abandon this character and quit the game? (Confirm with "yes".)

##### ##§⌠§## #G.G..#
##..@..## ##∩.....∩##
#∩.......∩# #_........#
#_..)...._# #_......._#
###.........###
#⌠...........⌠#
######.8.........8.######


You could see 2 giant eyeballs.

Vanquished Creatures
  A big kobold (D)
  An orc wizard (D)
  2 giant eyeballs (D)
  A giant gecko (D)
  An orc (D)
  A bat (D)
  A hobgoblin (D)
  2 kobolds (D)
  A quokka (D)
  2 goblins (D)
13 creatures vanquished.

Notes
Turn   | Place    | Note
--------------------------------------------------------------
     0 | D        | Kellhus the Deep Elf Conjurer began the quest for the Orb.
     0 | D        | Reached XP level 1. HP: 10/10 MP: 6/6
     3 | D        | Found a shadowy altar of Dithmenos.
     4 | D        | Found a glowing golden altar of the Shining One.
     4 | D        | Found a burning altar of Makhleb.
     5 | D        | Round 1.
     7 | D        | Found an iron altar of Okawaru.
     8 | D        | Found a sacrificial altar of Ru.
     8 | D        | Found a basalt altar of Yredelemnul.
    11 | D        | Found a deep blue altar of Sif Muna.
    11 | D        | Found a blossoming altar of Fedhas.
    12 | D        | Found a viscous altar of Jiyva.
    12 | D        | Found an opulent altar of Gozag.
    17 | D        | Found a corrupted altar of Lugonu.
    17 | D        | Found a glowing silver altar of Zin.
    18 | D        | Found a radiant altar of Vehumet.
    20 | D        | Found Maufedgh's Bee Food.
    20 | D        | Found Qintyxzaa's Identification Station.
    21 | D        | Found Vebossyg's Jewellery.
    21 | D        | Found Umilien's Advanced Armour.
    21 | D        | Found a shimmering altar of Xom.
    22 | D        | Found Igim's Magic Scroll Shop.
    23 | D        | Found Caergh's Magic Scroll Shop.
    23 | D        | Found Nilonas's Must-Have Magic.
    28 | D        | Became a worshipper of Vehumet
    30 | D        | Reached skill level 5 in Conjurations
    31 | D        | Found Kiyruew's Staff Store.
    38 | D        | Found a snail-covered altar of Cheibriados.
    40 | D        | Found Javeok Hauc's Distillery.
    41 | D        | Found Fautaf's Distillery.
    41 | D        | Found Meab's Bottled Wisdom.
    41 | D        | Found an ancient bone altar of Kikubaaqudgha.
    41 | D        | Found Ceoros's Do-It-Yourself Clinic.
    47 | D        | Found a bloodstained altar of Trog.
    48 | D        | Found Xugem's Weapon Rack.
    49 | D        | Found a stormy altar of Qazlal.
    49 | D        | Found Riosup's Premium Goods.
    49 | D        | Found Olaurufa's Basic Armour.
    49 | D        | Found Ymonuab's Miscellaneous Merchandise.
    63 | D        | Reached * piety under Vehumet
    63 | D        | Offered knowledge of Sandblast by Vehumet.
    69 | D        | Noticed an orc wizard
    72 | D        | Killed an orc wizard
    72 | D        | Arena points: 12 (+12) [x2]
    72 | D        | Reached skill level 6 in Spellcasting
    72 | D        | Reached XP level 2. HP: 15/15 MP: 4/11
    72 | D        | Reached XP level 3. HP: 19/19 MP: 4/13
   120 | D        | Round 2.
   130 | D        | Noticed a big kobold
   143 | D        | Killed a big kobold
   143 | D        | Reached skill level 8 in Spellcasting
   143 | D        | Reached XP level 4. HP: 24/24 MP: 13/16
   168 | D        | Learned a level 4 spell: Iskenderun's Mystic Blast
   171 | D        | Reached ** piety under Vehumet
   197 | D        | Offered knowledge of Shock by Vehumet.
   219 | D        | Arena points: 54 (+42) [x3]
   219 | D        | Reached skill level 9 in Spellcasting
   295 | D        | Round 3.
   316 | D        | Paralysed by a giant eyeball for 4 turns
   320 | D        | Reached *** piety under Vehumet
   324 | D        | Paralysed by a giant eyeball for 3 turns
   364 | D        | Quit the game

Vault maps used:
D:        arena_sprint

Action                   |  1- 3 |  4- 6 || total
-------------------------+-------+-------++-------
 Cast: Magic Dart        |     7 |    10 ||    17
       Iskenderun's Myst |       |     3 ||     3
Evoke: Wand              |     2 |     1 ||     3
